 Dungeon Crawl Stone Soup version 0.17-a0-1760-ga6756ae (webtiles) character file.

1468 kae the Carver (level 8, -2/50 HPs)
             Began as a High Elf Skald on Sept 3, 2015.
             Was a Believer of Okawaru.
             Slain by a killer bee (3 damage)
             ... on level 8 of the Dungeon.
             The game lasted 00:13:35 (7955 turns).

kae the Carver (High Elf Skald)                     Turns: 7955, Time: 00:13:36

Health: -2/50      AC:  9    Str: 13    XL:     8   Next: 48%
Magic:  0/12       EV:  3    Int: 16    God:    Okawaru [**....]
Gold:   389        SH: 10    Dex: 15    Spells: 3 memorised, 5 levels left

rFire  . . .     SeeInvis .     b - +0 long sword
rCold  . . .     Clarity  .     f - +0 chain mail
rNeg   . . .     SustAt   .     e - +3 shield
rPois  .         Gourm    .     t - +0 helmet
rElec  +         Spirit   +     (no cloak)
rCorr  .         Warding  .     (no gloves)
rMut   .         Stasis   .     (no boots)
MR     .....                    m - amulet of guardian spirit
Stlth  ..........               (no ring)
                                (no ring)

@: lethally poisoned (-2 -> -31), not resistant to hostile enchantments,
extremely unstealthy
A: electricity resistance
a: Heroism, Renounce Religion


You were on level 8 of the Dungeon.
You worshipped Okawaru.
Okawaru was pleased with you.
You were very hungry.

You visited 1 branch of the dungeon, and saw 8 of its levels.

You collected 389 gold pieces.

Inventory:

Hand weapons
 a - a +1 falchion
 b - a +0 long sword (weapon)
Armour
 e - a +3 shield (worn)
 f - a +0 chain mail (worn)
 g - a +0 leather armour
 t - a +0 helmet (worn)
Jewellery
 m - an amulet of guardian spirit (around neck)
 E - an uncursed amulet of clarity {unknown}
Magical devices
 i - a wand of magic darts (16)
 j - a wand of polymorph (11)
Scrolls
 h - 4 scrolls of identify
 l - 3 scrolls of remove curse
 r - a scroll of teleportation
 u - 3 scrolls of fear
 v - a scroll of enchant weapon
 D - a scroll of vulnerability {unknown}
Potions
 k - a potion of degeneration
 n - 2 potions of agility
 o - a potion of flight
 q - 2 potions of haste
 s - a potion of heal wounds
 w - a potion of resistance
 B - a potion of magic {unknown}
Books
 c - a book of Battle

   Spells                             Type                      Level
   a - Infusion                       Charms                       1
   b - Shroud of Golubria             Charms/Translocation         2
   c - Song of Slaying                Charms                       2
   d - Spectral Weapon                Hexes/Charms                 3
   e - Regeneration                   Charms/Necromancy            3
 y - a book of Alchemy

   Spells                             Type                      Level
   a - Sublimation of Blood           Necromancy                   2
   b - Ignite Poison                  Fire/Transmutation/Poison    3
   c - Alistair's Intoxication        Transmutation/Poison         4
   d - Condensation Shield            Ice                          4
   e - Petrify                        Transmutation/Earth          4
   f - Irradiate                      Conjuration/Transmutation    5
 A - a book of the Sky

   Spells                             Type                      Level
   a - Summon Lightning Spire         Summoning/Air                4
   b - Airstrike                      Air                          4
   c - Silence                        Hexes/Air                    5
   d - Deflect Missiles               Charms/Air                   6
   e - Conjure Ball Lightning         Conjuration/Air              6
   f - Tornado                        Air                          9
Comestibles
 d - 7 bread rations
 p - a slice of pizza
 z - 2 beef jerkies
 C - 3 fruits


   Skills:
 - Level 2.0 Fighting
 + Level 12.5 Long Blades
 - Level 0.8 Armour
 - Level 1.1 Dodging
 - Level 2.4 Spellcasting
 - Level 3.6 Charms


You had 5 spell levels left.
You knew the following spells:

 Your Spells              Type           Power        Failure   Level  Hunger
a - Infusion              Chrm           ##....       100%        1    #......
b - Shroud of Golubria    Chrm/Tloc      #.........   100%        2    ###....
c - Regeneration          Chrm/Necr      #.........   100%        3    ###....


Dungeon Overview and Level Annotations

Branches:
Dungeon (8/15)             Temple (0/1) D:6
   Lair: D:8-11

Altars:
Ashenzari
Cheibriados
Elyvilon
Gozag
Nemelex Xobeh
Okawaru
Ru
Sif Muna
The Shining One

Annotations:
D:5 kae's ghost, experienced HOSk


Innate Abilities, Weirdness & Mutations

You are resistant to electric shocks.


Message History

The killer bee stings you.
* * * LOW HITPOINT WARNING * * *
You are lethally poisoned!
The killer bee poisons you! The killer bee stings you.
* * * LOW HITPOINT WARNING * * *
You closely miss the killer bee.
The killer bee is almost dead.
* * * LOW HITPOINT WARNING * * *
You feel sick. The killer bee stings you.
You are more poisoned.
The killer bee poisons you!
Unknown command.
You closely miss the killer bee.
The killer bee is almost dead.
* * * LOW HITPOINT WARNING * * *
You feel sick. The killer bee stings you.
* * * LOW HITPOINT WARNING * * *
You are more poisoned.
The killer bee poisons you! The killer bee stings you.
You die...

### ...
#.# #.#
#.#
=#.####y#
.......@#
#.#######


You could see a killer bee.

Vanquished Creatures
  A hippogriff (D:7)
  A sky beast (D:7)
  A phantom (D:4)
  A giant frog (D:6)
  Blork the orc (D:6)
  A scorpion (D:5)
  2 crimson imps
  3 hounds
  2 centaur skeletons
  A centaur zombie (D:6)
  3 orc priests (D:5)
  2 giant frog skeletons
  3 iguanas
  3 orc wizards
  5 worker ants
  A hound skeleton (D:4)
  10 adders
  6 gnolls
  2 oozes
  2 adder skeletons
  2 worms
  4 giant geckos
  18 orcs
  3 ball pythons
  5 bats
  5 giant cockroaches
  9 goblins
  4 hobgoblins
  A quokka (D:7)
  A ball python skeleton (D:4)
  11 giant newts
  2 jackals (D:1)
  A jackal zombie (D:7)
  8 kobolds
  9 rats
134 creatures vanquished.

Vanquished Creatures (others)
  A plant (D:2)
1 creature vanquished.

Grand Total: 135 creatures vanquished

Notes
Turn   | Place    | Note
--------------------------------------------------------------
     0 | D:1      | kae the High Elf Skald began the quest for the Orb.
     0 | D:1      | Reached XP level 1. HP: 14/14 MP: 4/4
   624 | D:1      | Reached XP level 2. HP: 19/19 MP: 6/6
   952 | D:2      | Reached skill level 4 in Long Blades
  1008 | D:2      | Found a white marble altar of Elyvilon.
  1009 | D:2      | Found an iron altar of Okawaru.
  1040 | D:2      | Reached XP level 3. HP: 10/24 MP: 7/7
  1232 | D:2      | Became a worshipper of Warmaster Okawaru
  1245 | D:2      | Found a shattered altar of Ashenzari.
  1249 | D:2      | Saw a vision of the Swamp and the Snake Pit.
  1249 | D:2      | Noticed a naga mage
  1249 | D:2      | Noticed a naga
  1249 | D:2      | Noticed a black mamba
  1249 | D:2      | Noticed a black mamba
  1249 | D:2      | Noticed a naga mage
  1249 | D:2      | Noticed a shock serpent
  1249 | D:2      | Noticed a salamander
  1249 | D:2      | Noticed a swamp drake
  1249 | D:2      | Noticed an alligator
  1249 | D:2      | Noticed a giant frog
  1250 | D:2      | Noticed a naga mage
  1250 | D:2      | Noticed a naga mage
  1252 | D:2      | Noticed a naga mage
  1252 | D:2      | Noticed a swamp drake
  1635 | D:2      | Reached skill level 5 in Long Blades
  1855 | D:2      | Reached XP level 4. HP: 24/29 MP: 8/8
  2167 | D:3      | Reached skill level 6 in Long Blades
  2419 | D:3      | Reached XP level 5. HP: 29/34 MP: 9/9
  2553 | D:3      | Gained mutation: You evolve. [potion of beneficial mutation]
  2926 | D:3      | Found a sparkling altar of Nemelex Xobeh.
  3307 | D:4      | Reached skill level 7 in Long Blades
  3571 | D:4      | Acquired Okawaru's first power
  3571 | D:4      | Reached XP level 6. HP: 10/39 MP: 4/10
  3899 | D:4      | Noticed a phantom
  3961 | D:4      | Killed a phantom
  3961 | D:4      | Reached skill level 8 in Long Blades
  4880 | D:5      | Entered Level 5 of the Dungeon
  4917 | D:5      | Found a sacrificial altar of Ru.
  4917 | D:5      | Found an opulent altar of Gozag.
  4963 | D:5      | Reached skill level 9 in Long Blades
  5303 | D:5      | Found a snail-covered altar of Cheibriados.
  5356 | D:5      | Noticed kae's ghost (experienced HOSk)
  5399 | D:5      | HP: 1/39 [kae's ghost (5)]
  5978 | D:5      | Reached XP level 7. HP: 15/45 MP: 6/11
  6301 | D:6      | Reached skill level 10 in Long Blades
  6365 | D:6      | Found a staircase to the Ecumenical Temple.
  6452 | D:6      | Gained mutation: You are resistant to electric shocks. [evolution]
  6452 | D:6      | Lost mutation: You evolve. [end of evolution]
  6906 | D:6      | Noticed Blork the orc
  6918 | D:6      | Killed Blork the orc
  7224 | D:6      | Found a deep blue altar of Sif Muna.
  7227 | D:6      | Found a glowing golden altar of the Shining One.
  7373 | D:6      | Reached skill level 11 in Long Blades
  7378 | D:6      | Reached XP level 8. HP: 38/50 MP: 9/12
  7669 | D:7      | Reached skill level 12 in Long Blades
  7776 | D:7      | Learned a level 2 spell: Shroud of Golubria
  7780 | D:7      | Learned a level 3 spell: Regeneration
  7955 | D:8      | HP: 1/50 [killer bee (3)]
  7955 | D:8      | Slain by a killer bee

Vault maps used:
D:1:      dpeg_arrival_tiny_f
D:2:      gammafunk_temple_overflow_statue, serial_glass, glass_columns_a,
          glass_columns_a, glass_columns_c, glass_columns_c,
          grunt_ashenzari_visionary
D:3:      first_bread, nemelex_dance_club_becter
D:5:      gammafunk_temple_overflow_wave, basic_altar
D:6:      old_standard_altar, minmay_temple_entry_statues_pillars,
          minmay_crystal_room, lemuel_tele_altar, uniq_blork_the_orc
D:7:      uniq_crazy_yiuf_cottage
D:8:      grunt_temple_overflow_lords_of_destruction, lair_0_dummy,
          nemelex_spade_bored_becter

Action                   |  1- 3 |  4- 6 |  7- 9 || total
-------------------------+-------+-------+-------++-------
Melee: Falchion          |   172 |   358 |    35 ||   565
       Long sword        |       |       |   229 ||   229
Invok: Heroism           |       |       |     2 ||     2
Evoke: Wand              |       |       |     4 ||     4
  Use: Scroll            |       |    17 |     2 ||    19
       Potion            |       |     7 |     3 ||    10
 Stab: Distracted        |       |       |     1 ||     1
  Eat: Chunk             |     3 |    12 |     7 ||    22
